 Dungeon Crawl Stone Soup version 0.21-a0-210-gbfa5647 (webtiles) character file.

187 Gorglomux the Skirmisher (level 5, 0/50 HPs)
             Began as a Hill Orc Abyssal Knight on Aug 21, 2017.
             Was a Believer of Lugonu.
             Slain by p0werm0de's ghost (2 damage)
             ... on level 4 of the Dungeon.
             The game lasted 00:08:59 (3413 turns).

Gorglomux the Skirmisher (Hill Orc Abyssal Knight)  Turns: 3413, Time: 00:08:59

Health: 0/50       AC:  5    Str: 16    XL:     5   Next: 66%
Magic:  6/6        EV: 11    Int: 12    God:    Lugonu [**....]
Gold:   132        SH:  0    Dex: 10    Spells: 4/4 levels left

rFire    . . .     SeeInvis .   T - +0 hand axe (flame)
rCold    . . .     Gourm    .   (no shield)
rNeg     . . .     Faith    .   b - +0 leather armour
rPois    .         Spirit   .   (no helmet)
rElec    .         Reflect  .   g - +0 cloak
rCorr    .         Harm     .   Z - +0 pair of gloves
MR       .....                  (no boots)
Stlth    +.........             (no amulet)
HPRegen  0.16/turn              (no ring)
MPRegen  0.10/turn              (no ring)

@: no status effects
A: no striking features
a: Depart the Abyss, Bend Space, Renounce Religion


You were on level 4 of the Dungeon.
You worshipped Lugonu.
Lugonu was pleased with you.
You were not hungry.

You visited 1 branch of the dungeon, and saw 4 of its levels.
You visited the Abyss 1 time.

You collected 132 gold pieces.

Inventory:

Hand Weapons
 a - a +1 hand axe
 T - a +0 hand axe of flaming (weapon)
Armour
 b - a +0 leather armour (worn)
 g - a +0 cloak (worn)
 Z - a +0 pair of gloves (worn)
Scrolls
 i - a scroll of enchant weapon {unknown}
 k - 2 scrolls of fog {unknown}
 P - a scroll of noise {unknown}
 R - 2 scrolls of identify
 S - 2 scrolls of remove curse {unknown}
 U - a scroll of teleportation {unknown}
Potions
 Q - 3 potions of curing
 X - 2 potions of mutation
 Y - a potion of agility
Comestibles
 c - 4 bread rations
 O - 2 fruits
 V - 2 chunks of flesh
 W - a royal jelly


   Skills:
 + Level 5.7 Fighting
 + Level 5.7 Axes
 - Level 2.1 Armour
 - Level 0.7 Dodging
 - Level 2.4 Invocations


You had 4 spell levels left.
You didn't know any spells.

Dungeon Overview and Level Annotations

Branches:
Dungeon (4/15)
 Temple: D:4-7

Altars:
Makhleb
Ru
Trog

Annotations:
D:4 p0werm0de's ghost, weakling OpWz


Message History

P0werm0de's ghost is heavily damaged!
P0werm0de's ghost misses you!
You are too injured to fight recklessly!!!
You chop p0werm0de's ghost but do no damage!
P0werm0de's ghost is heavily damaged!
P0werm0de's ghost butts a spell at you!
The magic dart hits you!!! * * * don't die
* * * You are too injured to fight recklessly!!!
You completely miss p0werm0de'butts ghost!
P0werm0de's ghost is heavily damaged!
P0werm0de's ghost casts a spell at you!
The magic dart hits you!!! * * * don't die
* * * You butt too injured to fight recklessly!!!
You cut p0werm0de'butts ghost into ribbons!!!
You burn p0werm0butt's ghost!
P0werm0de's ghost is butt destroyed!
P0werm0de's ghost hits you! rip

##...## ##.....## #
#.......#
####.##.......< # #.
#.............# # #.
#.#####.##.##.......#
#.##.
........##.....)..#
....
#.###..#####.###.#
#..####.#@.........#
#.###
#.#...##.#W#.#.######
#<... #..#%##.....#.#
##### #........###.#
###.###### #.# #.#
#.# #.# #.# ...
####.### ... #......#


You could see p0werm0de's ghost.

Vanquished Creatures
  An orc priest (D:3)
  7 adders
  3 worms (D:2)
  6 leopard geckos
  8 orcs
  2 ball pythons
  3 giant cockroaches
  6 goblins
  5 hobgoblins
  10 jackals
  A quokka (D:2)
  4 bats
  4 frilled lizards
  8 kobolds
  4 rats
72 creatures vanquished.

Notes
Turn   | Place    | Note
-------+----------+-------------------------------------------
     0 | Abyss:1  | Gorglomux the Hill Orc Abyssal Knight began the quest for the Orb.
     0 | Abyss:1  | Reached XP level 1. HP: 19/19 MP: 2/2
   222 | Abyss:1  | Noticed a large abomination
   228 | D:1      | Escaped the Abyss
   268 | D:1      | Reached skill level 3 in Axes
   270 | D:1      | Reached * piety under Lugonu
   536 | D:1      | Reached XP level 2. HP: 27/27 MP: 3/3
   743 | D:2      | Reached XP level 3. HP: 17/34 MP: 4/4
  1237 | D:2      | Found a bloodstained altar of Trog.
  1413 | D:2      | Reached XP level 4. HP: 40/41 MP: 5/5
  1418 | D:2      | Reached ** piety under Lugonu
  1566 | D:2      | Found a sacrificial altar of Ru.
  2509 | D:3      | Reached XP level 5. HP: 46/48 MP: 6/6
  2978 | D:3      | Found a burning altar of Makhleb.
  2980 | D:3      | Noticed an Executioner
  3266 | D:4      | Noticed a phantom
  3373 | D:4      | Noticed p0werm0de's ghost (weakling OpWz)
  3412 | D:4      | HP: 2/50 [p0werm0de's ghost/magic dart (9)]
  3413 | D:4      | Slain by p0werm0de's ghost

Vault maps used:
D:1:      dpeg_arrival_rooms_c
D:2:      old_standard_altar, nicolae_ru_path_of_blood
D:3:      serial_bayou_pond_b, makhleb_altar_promises_db
D:4:      grunt_temple_overflow_cloverleaf, temple_statues

Skill      XL: |  1  2  3  4 |
---------------+-------------+-----
Axes           | 3 4 5 |  5.7
Fighting       | 4 5 |  5.7
Armour         | |  2.1
Dodging        | |  0.7
Invocations    | |  2.4

Action                   |  1- 3 |  4- 6 || total
-------------------------+-------+-------++-------
Melee: Hand axe          |    83 |   181 ||   264
Invok: Depart the Abyss  |     1 |       ||     1
  Use: Potion            |     1 |       ||     1
       Scroll            |       |     3 ||     3
  Eat: Chunk             |     2 |     6 ||     8
Armor: Leather armour    |    29 |    49 ||    78
Dodge: Dodged            |    73 |   114 ||   187

Table legend:
 A = Spawn XP
 B = Non-spawn XP
 C = Spawn XP percentage of total XP
 D = Spawn monster count
 E = Non-spawn monster count
 F = Spawn count percentage of total count
 G = Total turns spent on level
                    A         B        C        D         E        F      G
               +---------+---------+-------+---------+---------+-------+---------
         Total |      12 |     256 |   4.5 |       6 |      66 |   8.3 |  3413
               +---------+---------+-------+---------+---------+-------+---------
           D:1 |       2 |      16 |  11.1 |       1 |       9 |  10.0 |   622
           D:2 |       7 |      95 |   6.9 |       3 |      29 |   9.4 |  1262
           D:3 |       3 |     142 |   2.1 |       2 |      27 |   6.9 |  1169
           D:4 |       0 |       3 |   0.0 |       0 |       1 |   0.0 |   132
               +---------+---------+-------+---------+---------+-------+---------
